 Dungeon Crawl Stone Soup version 0.30-a0-341-g682706514a (webtiles) character file.

Game seed: 14912048929009264209

70 retardedninja the Trooper (level 4, -4/40 HPs)
             Began as a Hill Orc Fighter on Nov 1, 2022.
             Slain by an ogre
             ... wielding a +0 giant spiked club
              (8 damage)
             ... on level 4 of the Dungeon.
             The game lasted 00:01:32 (999 turns).

retardedninja the Trooper (Hill Orc Fighter)         Turns: 999, Time: 00:01:32

Health: -4/40      AC: 11    Str: 20    XL:     4   Next: 21%
Magic:  4/4        EV:  9    Int:  8    God:
Gold:   69         SH:  4    Dex: 10    Spells: 3/3 levels left

rFire   . . .      SeeInvis .    a - +0 war axe
rCold   . . .      Faith    .    c - +0 buckler
rNeg    . . .      Spirit   .    g - +4 scale mail
rPois   .          Reflect  .    (no helmet)
rElec   .          Harm     .    (no cloak)
rCorr   .          Rampage  .    (no gloves)
Will    .....                    (no boots)
Stlth   ..........               (no amulet)
HPRegen 0.26/turn                (no ring)
MPRegen 0.09/turn                (no ring)

@: mighty
A: no striking features
a: Convert to Beogh


You were on level 4 of the Dungeon.
You visited 1 branch of the dungeon, and saw 3 of its levels.

You collected 69 gold pieces.

Inventory:

Hand Weapons
 a - a +0 war axe (weapon)
Armour
 c - a +0 buckler (worn)
 g - a +4 scale mail (worn)
Scrolls
 e - a scroll of identify {unknown}
 f - a scroll of poison {unknown}
Potions
 b - a potion of lignification {unknown}
 d - a potion of might


   Skills:
 + Level 4.2 Fighting
 + Level 3.7 Axes
 + Level 3.9 Armour
 + Level 3.9 Shields


You had 3 spell levels left.
You didn't know any spells.
Your spell library contained the following spells:

 Spells                   Type           Power      Damage    Failure   Level
 Slow                     Hex            0%         N/A       85%         1
 Static Discharge         Conj/Air       0%         2-2/arc   94%         2
 Confusing Touch          Hex            0%         N/A       99%         3
 Vampiric Draining        Necr           0%         2d6       99%         3
 Vhi's Electric Charge    Tloc/Air       0%         N/A       99%         3
 Arcjolt                  Conj/Air       0%         1d10      100%        5
 Lightning Bolt           Conj/Air       0%         1d11      100%        5


Dungeon Overview and Level Annotations

Branches:
Dungeon (2/15)

Altars:


Message History

You block the slug dart.
An endoplasm comes into view.
The endoplasm quivers.
You slash the dart slug!
You kill the dart slug!
An orc and an ogre come into view.
The orc shouts!
The ogre shouts!
You see here 13 gold pieces.
The endoplasm freezes you.
You are frozen.
An orc comes into view.
It is wielding a +2 morningstar of draining.
Okay, then.
Found 17 gold pieces.
The orc shouts!
You hear a shout!
An orc comes into view. It is wielding a +0 dagger.
You block the endoplasm's attack.
An orc priest comes into view. It is wielding a +0 mace.
The orc priest shouts, "Join the one true god or die!" (press Y on the ability menu to convert to Beogh)
The orc priest shouts!
An orc comes into view. It is wielding a +0 club.
The endoplasm freezes you.
You are frozen.
The orc hits you but does no damage.
Unknown command.
You barely miss the ogre.
The orc priest threatens, "By the altar or by the axe, you will meet Beogh!"
You slash the endoplasm!
You kill the endoplasm!
The ogre hits you with a +0 giant spiked club!!
Ouch! That really hurt!
The orc hits you but does no damage.
The orc priest calls down the wrath of Beogh upon you.
Beogh smites you!
* * * LOW HITPOINT WARNING * * *
The orc barely misses you.
You hit the ogre.
The ogre is moderately wounded.
You completely miss the orc.
The ogre hits you with a +0 giant spiked club!
You die...

..).[#..#.##...
..###.....##.#
#.....#......##.###
#.###...####......#
#....## #.##.....
#..#.#...###.# ....
.......$..##.# ...
......##..#..# ..
...... #@...## .
...... #Oo?##
...... #.o....
..... #o.....# ..#.
#o......$ ..o..####
...### ..##


You could see an ogre, an orc priest and 4 orcs.

Vanquished Creatures
  A jelly (D:4)
  A gnoll (D:1)
  A dart slug (D:4)
  A ball python (D:1)
  7 endoplasms
  A giant cockroach (D:1)
  3 hobgoblins (D:1)
  A quokka (D:1)
  2 bats (D:1)
  A frilled lizard (D:1)
  3 goblins (D:1)
  2 kobolds (D:1)
  4 rats (D:1)
28 creatures vanquished.

Notes
Turn   | Place    | Note
-------+----------+-------------------------------------------
     0 | D:1      | retardedninja the Hill Orc Fighter began the quest for the
                  | Orb.
     0 | D:1      | Reached XP level 1. HP: 19/19 MP: 1/1
   128 | D:1      | Found a faded altar of an unknown god.
   200 | D:1      | Reached XP level 2. HP: 21/27 MP: 2/2
   588 | D:1      | Reached skill level 4 in Fighting
   599 | D:1      | Reached XP level 3. HP: 32/33 MP: 3/3
   978 | D:2      | You fall into a shaft and drop 2 floors!
   990 | D:4      | Reached XP level 4. HP: 40/40 MP: 4/4
   994 | D:4      | Noticed an ogre
   999 | D:4      | Slain by an ogre

Illustrated notes

Levels and vault maps discovered:
D:1:      dpeg_arrival_court, layout_loops_ring,
          shapermc_ecumenical_altar_mp_highgroup, ebering_dispersal_statue_hall
D:2:      cheibrodos_greedy_goblins, layout_basic, serial_park_tiny_2,
          minmay_misc_feat_ornament
D:4:      layout_rooms, zin_purify, minmay_temple_entry_statues_pillars

Skill      XL: |  1  2 |
---------------+-------+-----
Axes           | 3 |  3.7
Fighting       | 4 |  4.2
Armour         | |  3.9
Shields        | |  3.9

Action                   |  1- 3 |  4- 6 || total
-------------------------+-------+-------++-------
Melee: War axe           |    68 |     3 ||    71
  Use: Potion            |     1 |       ||     1
Armor: Scale mail        |    39 |     2 ||    41
Dodge: Dodged            |    44 |     1 ||    45
Block: Buckler           |    23 |     2 ||    25

Table legend: (Time is in decaauts)
 A = Elapsed time spent in this place.
 B = Non-inter-level travel time spent in this place.
 C = Inter-level travel time spent in this place.
 D = Time resting spent in this place.
 E = Time spent auto-exploring this place.
 F = Levels seen in this place.
 G = Mean time per level.
                   A        B        C        D        E       F      G
               +--------+--------+--------+--------+--------+-----+--------+
         Total |   1026 |    980 |     46 |    200 |    580 |   3 |  342.0 |
       Dungeon |   1026 |    980 |     46 |    200 |    580 |   3 |  342.0 |
               +--------+--------+--------+--------+--------+-----+--------+

Top non-repeatable levels by time:
     D:1: 1004 daAuts
     D:4: 21 daAuts
     D:2: 0 daAuts
